Map: Temple gelé

Players

zidar - Winner!

  • Race: Zerg Zerg
  • League: Platinum
  • Spawn Location: 5:00

And

  • Race: Terran Terran
  • League: Gold
  • Spawn Location: 11:00

VOD

Have the link to the VOD?

Description

Time

  • Played on: Nov. 16, 2016, 2:24 p.m.
  • Length: 16:37
Show
View Real Time Build Order
Export as new Build Order

zidar Zerg - Winner!

Build Orders: Hatch First 

Get SALT Encoding   

  12  0:01  Drone  
  13  0:12  Overlord  
  13  0:17  Drone  
  14  0:31  Drone x2  
  16  0:52  Hatchery  
  16  0:54  Drone  
  16  0:58  Extractor  
  16  1:01  Drone  
  16  1:20  Spawning Pool  
  16  1:24  Drone  
  16  1:43  Drone x2  
  16  1:44  Drone  
  19  2:07  Queen x2  
  23  2:08  Metabolic Boost  
  23  2:12  Zergling x2  
  23  2:15  Zergling x2  
  23  2:19  Zergling x2  
  25  2:33  Baneling Nest  
  25  2:34  Overlord  
  24  2:39  Drone  
  24  2:41  Drone  
  26  2:57  Roach Warren  
  26  3:00  Drone x3  
  29  3:05  Pneumatized Carapace  
  29  3:41  Roach  
  29  3:42  Roach x2  
  35  3:55  Overlord x3  
  35  4:07  Overlord x2  
  35  4:12  Extractor  
  35  4:16  Drone x8  
  42  4:33  Spore Crawler  
  41  4:46  Spore Crawler  
  41  4:47  Roach  
  41  4:48  Roach x4  
  41  4:49  Roach  
  52  4:53  Roach  
  54  5:03  Ravager  
  54  5:04  Ravager  
  56  5:07  Ravager  
  57  5:26  Drone x6  
  63  5:29  Lair  
  63  5:45  Extractor  
  63  5:46  Extractor  
  52  6:13  Drone x8  
  52  6:18  Drone x2  
  62  6:19  Drone x4  
  66  6:36  Drone  
  66  6:38  Spire  
  66  6:44  Drone  
  66  6:45  Drone  
  66  6:46  Infestation Pit  
  67  7:13  Glial Reconstitution  
  67  7:15  Hatchery  
  66  7:27  Queen  
  62  7:52  Mutalisk x7  
  69  8:03  Queen  
  69  8:10  Drone x4  
  69  8:11  Drone x3  
  76  8:18  Overlord x2  
  78  8:33  Hive  
  76  8:40  Drone  
  76  8:41  Drone  
  78  8:50  Drone x7  
  85  8:57  Overseer  
  85  8:59  Overseer  
  85  9:01  Drone  
  82  9:23  Queen  
  84  9:26  Drone x9  
  84  9:30  Extractor  
  92  9:33  Extractor  
  91  9:43  Evolution Chamber  
  90  9:46  Evolution Chamber, Greater Spire  
  89  10:00  Overlord x5  
  89  10:01  Overlord x4  
  89  10:09  Hatchery  
  88  10:18  Drone x4  
  88  10:21  Drone x3  
  95  10:24  Drone x2  
  95  10:25  Drone x3  
  100  10:35  Zerg Melee Weapons Level 1  
  100  10:37  Zerg Ground Armor Level 1  
  100  10:39  Roach x2  
  100  10:40  Roach x2  
  108  10:57  Hatchery  
  107  10:59  Drone  
  107  11:00  Drone x2  
  107  11:03  Corruptor x2  
  107  11:04  Corruptor x4  
  112  11:05  Corruptor x2  
  126  11:12  Roach x4  
  134  11:24  Adrenal Glands  
  134  11:32  Ultralisk Cavern  
  133  11:43  Brood Lord x2  
  133  11:44  Brood Lord x2  
  141  11:47  Corruptor x4  
  141  11:49  Roach  
  141  11:50  Roach  
  153  12:10  Roach x6  
  153  12:11  Roach x5  
  153  12:12  Roach  
  128  12:47  Roach x17  
  128  12:48  Roach x3  
  168  13:07  Corruptor x4  
  176  13:22  Zerg Ground Armor Level 2  
  176  13:23  Zerg Melee Weapons Level 2  
  176  13:27  Zerg Flyer Armor Level 1  
  138  14:26  Roach x7  
  138  14:28  Corruptor x2  
  138  14:29  Corruptor x3  
  138  14:30  Corruptor x2  
  128  15:41  Roach x18  
  164  15:50  Brood Lord  
Show
View Real Time Build Order
Export as new Build Order

And Terran 

Build Orders:  

Get SALT Encoding   

  12  0:01  SCV  
  13  0:16  Supply Depot  
  13  0:18  SCV  
  14  0:30  SCV  
  15  0:43  Barracks, SCV  
  15  0:48  Refinery  
  16  0:55  SCV  
  17  1:01  Refinery  
  17  1:07  SCV  
  18  1:19  SCV  
  19  1:31  Supply Depot  
  19  1:33  Reaper  
  19  1:36  Orbital Command  
  20  2:01  Factory  
  20  2:02  SCV  
  20  2:07  Marine  
  22  2:16  SCV  
  23  2:28  SCV  
  24  2:32  Marine  
  25  2:40  SCV  
  26  2:49  Command Center  
  26  2:50  Marine  
  27  2:52  SCV  
  27  2:55  Starport  
  30  3:01  Widow Mine  
  30  3:03  Supply Depot  
  30  3:05  SCV  
  31  3:24  Marine, SCV  
  33  3:36  SCV  
  33  3:42  Marine  
  33  3:43  Factory Tech Lab  
  34  3:50  Medivac  
  36  3:59  Factory, SCV  
  36  4:00  Supply Depot  
  36  4:01  Supply Depot  
  37  4:03  Supply Depot  
  37  4:12  SCV  
  37  4:14  Marine  
  39  4:22  Siege Tank  
  39  4:24  SCV  
  43  4:27  Starport Tech Lab  
  43  4:28  Orbital Command  
  43  4:32  Marine  
  43  4:36  SCV  
  45  4:45  Factory Reactor  
  45  4:48  SCV, Banshee  
  49  4:55  Cloaking Field  
  49  5:00  SCV x2  
  51  5:12  SCV x2  
  55  5:16  Widow Mine  
  55  5:24  Refinery, SCV x2  
  57  5:28  Refinery  
  57  5:29  Hellion x2  
  57  5:31  Banshee  
  64  5:36  SCV  
  64  5:37  Hellion  
  67  5:45  SCV, Supply Depot  
  67  5:48  SCV  
  69  5:50  Hellion  
  69  5:58  Hellion  
  71  6:07  Supply Depot  
  71  6:14  SCV x2, Banshee  
  71  6:17  Hellion x2  
  80  6:20  Siege Tank  
  83  6:26  SCV  
  83  6:30  Supply Depot  
  84  6:38  Hellion  
  84  6:39  Hellion  
  88  6:42  SCV  
  88  6:43  SCV  
  90  6:52  Siege Tank  
  93  7:00  Hellion x2  
  97  7:07  Command Center  
  97  7:21  Hellion  
  99  7:24  Siege Tank  
  93  7:49  Hellion  
  93  7:50  Hellion  
  94  7:56  Siege Tank  
  97  8:02  Banshee  
  96  8:10  SCV x2  
  96  8:11  Hellion x2  
  102  8:22  SCV x2  
  104  8:28  Siege Tank  
  104  8:32  Hellion x2  
  111  8:34  SCV  
  112  8:43  Factory  
  112  8:45  Banshee  
  112  8:47  Armory  
  115  8:48  Factory  
  115  8:50  Supply Depot  
  115  8:52  Supply Depot  
  115  8:54  Hellion  
  117  9:11  Hellion, Siege Tank  
  117  9:13  Supply Depot  
  117  9:14  Liberator  
  117  9:16  Supply Depot, Orbital Command  
  119  9:21  Marine  
  117  9:29  Supply Depot  
  122  9:32  Widow Mine  
  122  9:36  Factory Tech Lab  
  122  9:37  Factory Tech Lab  
  124  9:39  Marine  
  124  9:40  Widow Mine  
  124  9:43  Siege Tank, Engineering Bay  
  128  9:57  Marine, Liberator  
  131  10:01  Widow Mine, Thor, Starport  
  139  10:08  Widow Mine  
  142  10:15  Marine, Missile Turret, Siege Tank  
  142  10:17  Missile Turret x2  
  146  10:21  Missile Turret  
  146  10:22  Missile Turret  
  146  10:25  Missile Turret  
  146  10:26  Missile Turret  
  148  10:29  Widow Mine  
  148  10:30  Missile Turret x3  
  148  10:33  Marine  
  148  10:34  Missile Turret x2  
  148  10:35  Missile Turret  
  151  10:36  Missile Turret  
  151  10:37  Widow Mine, Missile Turret  
  151  10:40  Thor, Missile Turret  
  157  10:45  Missile Turret  
  157  10:50  Missile Turret  
  157  10:56  Starport Reactor  
  157  11:07  Infernal Pre-Igniter  
  157  11:10  Terran Vehicle Weapons Level 1  
  157  11:40  Supply Depot  
  157  11:43  Supply Depot  
  157  11:44  Supply Depot  
  157  11:46  Supply Depot  
  157  11:47  Liberator x2  
  157  11:51  Factory  
  157  11:56  Missile Turret x3  
  157  11:57  Missile Turret  
  157  12:00  Missile Turret  
  157  12:01  SCV, Siege Tank  
  157  12:02  Hellbat x2  
  157  12:04  Marine  
  157  12:05  SCV  
  157  12:06  Thor, Supply Depot  
  157  12:08  Thor  
  185  12:09  Supply Depot  
  185  12:10  Supply Depot  
  185  12:22  Refinery  
  175  12:23  Hellbat  
  175  12:25  Refinery  
  147  12:31  Command Center  
  109  12:37  Viking  
  99  12:47  Viking x2  
  99  12:49  Factory Reactor  
  98  12:58  Hellbat x2  
  98  12:59  Hellbat x3  
  104  13:07  Viking  
  106  13:17  Viking x2  
  114  13:20  Factory, Hellbat x5  
  114  13:26  Factory  
  120  13:27  Armory  
  120  13:37  Viking, Terran Vehicle And Ship Armor Level 1  
  120  13:41  Hellbat x5  
  130  13:42  Hellbat x2  
  130  13:47  Viking x2  
  140  13:53  Missile Turret  
  140  13:54  Missile Turret  
  140  13:55  Missile Turret  
  128  13:56  Missile Turret  
  128  14:02  Hellbat x2  
  78  14:11  Hellion  
  78  14:12  Hellbat x6  
  90  14:24  Hellbat x2  
  86  14:25  Viking x2  
  84  14:32  Hellbat  
  84  14:33  Hellbat x4  
  84  14:34  Hellbat  
  84  14:49  Viking  
  80  14:55  Viking x2  
  78  15:00  Missile Turret  
  64  15:16  Thor  
  64  15:17  Thor  
  64  15:18  Hellbat x2  
  66  15:39  Missile Turret  
  66  15:40  Missile Turret  
  66  15:42  Missile Turret  
  64  15:43  Hellion x2  
  63  15:52  Viking x3  
  63  15:54  Marine  
Tags
 
Matchup
TvZ
Spawn Locations
Cross Positions
Add a new tag
Caveats
  • Supply blocks, unpowered buildings, or Contaminate may cause inaccurate times.
  • Supply counts are checked every 10 seconds.